 Dungeon Crawl Stone Soup version 0.25-a0-566-g062765be81 (webtiles) character file.

Game seed: 9133563452398626039, levelgen mode: deterministic

781 Flugslaktarn the Chopper (level 7, -8/62 HPs)
             Began as a Minotaur Fighter on Feb 27, 2020.
             Killed from afar by Pikel (16 damage)
             ... with an iceblast
             ... on level 5 of the Dungeon.
             The game lasted 00:00:58 (2115 turns).

Flugslaktarn the Chopper (Minotaur Fighter)         Turns: 2115, Time: 00:00:58

Health: -8/62      AC:  8    Str: 23    XL:     7   Next: 55%
Magic:  6/6        EV:  8    Int:  5    God:
Gold:   126        SH: 10    Dex:  9    Spells: 6/6 levels left

rFire    . . .     SeeInvis .   a - +0 war axe
rCold    . . .     Gourm    .   c - +0 kite shield
rNeg     . . .     Faith    .   b - +0 scale mail
rPois    .         Spirit   .   (helmet restricted)
rElec    .         Reflect  .   (no cloak)
rCorr    .         Harm     .   k - +0 pair of gloves
MR       .....                  (no boots)
Stlth    ..........             (no amulet)
HPRegen  0.20/turn              (no ring)
MPRegen  0.10/turn              (no ring)

@: lethally poisoned (-8 -> -9)
A: retaliatory headbutt, horns 2
a: no special abilities


You were on level 5 of the Dungeon.
You were not hungry.

You visited 1 branch of the dungeon, and saw 5 of its levels.

You collected 126 gold pieces.

Inventory:

Hand Weapons
 a - a +0 war axe (weapon)
Armour
 b - a +0 scale mail (worn)
 c - a +0 kite shield (worn)
 k - a +0 pair of gloves (worn)
   (You found it on level 4 of the Dungeon)
Wands
 p - a wand of paralysis (11)
   (You found it on level 4 of the Dungeon)
Scrolls
 f - 3 scrolls of identify {unknown}
 g - a scroll of enchant weapon {unknown}
 h - a scroll of fog {unknown}
 i - 2 scrolls of blinking {unknown}
 j - a scroll of noise {unknown}
 m - a scroll of random uselessness {unknown}
 o - a scroll of magic mapping {unknown}
 q - a scroll of amnesia {unknown}
 r - a scroll of remove curse {unknown}
Potions
 d - a potion of might
 l - a potion of flight {unknown}
 n - a potion of brilliance {unknown}
Comestibles
 e - 2 rations


   Skills:
 + Level 5.7 Fighting
 * Level 6.8 Axes
 + Level 5.7 Armour
 + Level 5.8 Shields


You had 6 spell levels left.
You didn't know any spells.
Your spell library was empty.

Dungeon Overview and Level Annotations

Branches:
Dungeon (5/15)
 Temple: D:4-7

Altars:

Annotations:
D:5 Pikel


Innate Abilities, Weirdness & Mutations

You reflexively headbutt those who attack you in melee.
You have a pair of horns on your head.


Message History

Pikel says, "Wow, you'd add a bit of variety to my gang!"
You feel sick.
A giant cockroach comes into view.
You feel sick.
You feel sick.
The giant cockroach bites you but does no damage.
You hit the giant cockroach but do no damage.
You headbutt the giant cockroach.
The giant cockroach is severely wounded.
Your shield and scale mail prevent you from hitting the slave.
The giant cockroach bites you.
* * * LOW HITPOINT WARNING * * *
You block the slave's attack. You block the giant cockroach's attack.
You hit the giant cockroach.
You kill the giant cockroach!
You closely miss the slave.
You feel sick. You block the slave's attack.
You see here a giant cockroach corpse.
You feel sick.
Pikel zaps a wand.
The mass of ice explodes!
The iceblast engulfs you!
You die...

#.######...##.....# ######.....#
#..........# #..........#
#.#.#......# . #..........#
#.#.#.#+#+##### .##..........#
#.#.#.#.# #.... ..>..........##
#.#.#.#.# #.###
.#............#####.#.#.#.#.#
.#............p.......#.#.#.#
.#...........†K.@...........#
.#.#+###).............###.### #
.#.#.# #....##+####...#...# .#.#
p#K#.###....##.# #####.### .#..
K#.#...........########.#####.###
.#....................)).........
$...............####..).......###
####..........#. #..(.).....#
#..........# #..........#


You could see Pikel and a slave.

Vanquished Creatures
  Sigmund (D:5)
  Eustachio (D:5)
  A sky beast (D:5)
  3 slaves (D:5)
  A howler monkey (D:5)
  2 crimson imps (D:5)
  A bullfrog skeleton (D:5)
  An orc priest (D:4)
  2 hounds
  3 worker ants
  2 orc wizards
  A worker ant zombie (D:5)
  An adder (D:5)
  An adder zombie (D:5)
  A leopard gecko (D:4)
  9 orcs
  A bat (D:3)
  2 giant cockroaches
  A leopard gecko skeleton (D:5)
  A rat (D:1)
36 creatures vanquished.

Notes
Turn   | Place    | Note
-------+----------+-------------------------------------------
     0 | D:1      | Flugslaktarn the Minotaur Fighter began the quest for the
                  | Orb.
     0 | D:1      | Reached XP level 1. HP: 19/19 MP: 0/0
   497 | D:5      | Entered Level 5 of the Dungeon
   542 | D:4      | Reached XP level 2. HP: 26/27 MP: 1/1
   616 | D:4      | Reached skill level 3 in Axes
   616 | D:4      | Reached XP level 3. HP: 29/33 MP: 2/2
   639 | D:4      | Reached XP level 4. HP: 9/40 MP: 3/3
   981 | D:4      | Reached skill level 4 in Axes
  1092 | D:5      | Reached XP level 5. HP: 37/47 MP: 4/4
  1286 | D:5      | Reached skill level 5 in Axes
  1546 | D:5      | Reached XP level 6. HP: 32/55 MP: 5/5
  1570 | D:5      | Noticed a sky beast
  1580 | D:5      | Killed a sky beast
  1580 | D:5      | Reached skill level 5 in Fighting
  1580 | D:5      | Reached skill level 5 in Armour
  1580 | D:5      | Reached skill level 5 in Shields
  1768 | D:5      | Noticed Eustachio
  1768 | D:5      | Noticed Sigmund
  1774 | D:5      | Killed Eustachio
  1774 | D:5      | Reached skill level 6 in Axes
  1774 | D:5      | Reached XP level 7. HP: 57/61 MP: 6/6
  1789 | D:5      | Killed Sigmund
  2077 | D:5      | Noticed Pikel
  2115 | D:5      | Killed from afar by Pikel

Levels and vault maps discovered:
D:1:      heliophobic_arrival_glass_houses, layout_rooms
D:2:      layout_basic, first_ration, uniq_natasha
D:3:      layout_basic
D:4:      layout_rooms
D:5:      layout_basic, uniq_grinder, uniq_eustachio, uniq_sigmund, uniq_pikel

Skill      XL: |  1  2  3  4  5  6 |
---------------+-------------------+-----
Fighting       | 4 5 |  5.7
Axes           | 3 4 5 6 |  6.8
Armour         | 4 5 |  5.7
Shields        | 4 5 |  5.8

Action                   |  1- 3 |  4- 6 |  7- 9 || total
-------------------------+-------+-------+-------++-------
Melee: War axe           |    39 |    99 |    33 ||   171
       Headbutt          |     4 |    12 |     6 ||    22
  Eat: Chunk             |       |     2 |     2 ||     4
Armor: Scale mail        |    22 |    53 |    15 ||    90
Dodge: Dodged            |     7 |    35 |    13 ||    55
Block: Kite shield       |    15 |    55 |    22 ||    92

Table legend:
 A = Non-vault XP
 B = Vault XP
 C = Vault XP percentage of total XP
 D = Non-vault monster count
 E = Vault monster count
 F = Vault count percentage of total count
                 A         B        C        D         E       F
            +---------+---------+-------+---------+---------+-------
      Total |     699 |     417 |  37.4 |      31 |       2 |   6.1
            +---------+---------+-------+---------+---------+-------
        D:1 |       1 |       0 |   0.0 |       1 |       0 |   0.0
        D:3 |      10 |       0 |   0.0 |       4 |       0 |   0.0
        D:4 |     164 |       0 |   0.0 |       8 |       0 |   0.0
        D:5 |     524 |     417 |  44.3 |      18 |       2 |  10.0
            +---------+---------+-------+---------+---------+-------
